 Dungeon Sprint DCSS version 0.29.1-15-g9cfb28693d (webtiles) character file.

Game seed: 3073190725842894729

77 Groucho the Magician (level 4, -11/24 HPs)
             Began as a Deep Elf Fire Elementalist on Apr 29, 2023.
             Was an Initiate of Cheibriados.
             Mangled by a polar bear (13 damage)
             ... in the Dungeon (Sprint V: "Ziggurat Sprint").
             The game lasted 00:03:38 (138 turns).

Groucho the Magician (Deep Elf Fire Elementalist)    Turns: 138, Time: 00:03:39

Health: -11/24     AC: 25    Str: 18    XL:     4   Next: 14%
Magic:  12/12      EV:  0    Int: 23    God:    Cheibriados [......]
Gold:   0          SH: 26    Dex: 16    Spells: 11/12 levels left

rFire   . . .      SeeInvis .   D - +6 shillelagh "Devastator" {shatter}
rCold   . . .      Faith    .   C - +18 shield of the Gong {rElec rN+ Will+ EV-5}
rNeg    + . .      Spirit   .   B - +15 Maxwell's patent armour {-Cast -Tele rElec Will+ rCorr}
rPois   .          Reflect  .   (no helmet)
rElec   +          Harm     .   (no cloak)
rCorr   +          Rampage  .   (no gloves)
Will    ++...      NoTele   +   (no boots)
Stlth   .......... NoCast   +   E - amulet of the acrobat
HPRegen 0.08/turn               x - +6 ring of strength
MPRegen 0.13/turn               y - +6 ring of strength

@: very slow
A: no striking features
a: Renounce Religion


You were in the Dungeon.
You worshipped Cheibriados.
Cheibriados was noncommittal.
You visited 1 branch

Inventory:

Hand Weapons
 z - the +6 Majin-Bo {vamp, MP+6 Int+6}
   (You found it in the Dungeon)

   It heals its wielder for a portion of the damage dealt when they wound a
   living foe with it or with a spell.
   Its wielder's spells cost health as well as magical power.
   Int:       It affects your intelligence (+6).
   MP:        It affects your magic capacity (+6).
 A - the +14 obsidian axe {vorpal, Mesm Drain Fly SInv}
   (You found it in the Dungeon)

   It inflicts extra damage upon your enemies.
   It occasionally summons demons to assist the wielder when it strikes in
   combat.
   Its wielder is mesmerised by any visible foes.
   It cannot be unequipped while any foes are visible.
   SInv:      It lets you see invisible.
   Fly:       It grants you flight.
   Drain:     It drains your maximum health when unequipped.
 D - the +6 shillelagh "Devastator" (weapon) {shatter}
   (You found it in the Dungeon)

   It releases a powerful concussive burst when it strikes, dealing extra damage
   to the target and all other foes adjacent to them.
Armour
 a - a +0 robe
 B - the +15 Maxwell's patent armour (worn) {-Cast -Tele rElec Will+ rCorr}
   (You found it in the Dungeon)

   rElec:     It insulates you from electricity.
   -Cast:     It prevents spellcasting.
   -Tele:     It prevents most forms of teleportation.
   rCorr:     It protects you from acid and corrosion.
   Will:      It increases your willpower.
 C - the +18 shield of the Gong (worn) {rElec rN+ Will+ EV-5}
   (You found it in the Dungeon)

   It is deafeningly noisy when blocking attacks.
   EV:        It affects your evasion (-5).
   rElec:     It insulates you from electricity.
   rN:        It protects you from negative energy.
   Will:      It increases your willpower.
Jewellery
 s - a ring of flight
 t - a +6 ring of dexterity
 u - a +6 ring of dexterity
 v - a +6 ring of intelligence
 w - a +6 ring of intelligence
 x - a +6 ring of strength (left hand)
 y - a +6 ring of strength (right hand)
 E - an amulet of the acrobat (around neck)
Wands
 q - a wand of mindburst (7)
 r - a wand of light (7)
Scrolls
 g - 4 scrolls of blinking
 m - 4 scrolls of amnesia
 n - 7 scrolls of butterflies
 o - 5 scrolls of identify
 p - 2 scrolls of fear
Potions
 b - 8 potions of magic
 c - 10 potions of curing
 d - 10 potions of heal wounds
 e - 6 potions of haste
 f - 3 potions of berserk rage
 h - 2 potions of brilliance
 i - 2 potions of invisibility
 j - 4 potions of resistance
 k - a potion of experience
 l - 5 potions of might


   Skills:
 + Level 2.0 Armour
 + Level 4.1 Dodging
 - Level 2.4 Stealth
 + Level 2.0 Shields
 + Level 4.8 Spellcasting
 + Level 3.3 Conjurations
 + Level 4.4 Fire Magic
 * Level 4.3 Invocations


You had 11 spell levels left.
You knew the following spells:

 Your Spells              Type           Power      Damage    Failure   Level
a - Foxfire               Conj/Fire      92%        2x1d8     96%         1

Your spell library contained the following spells:

 Spells                   Type           Power      Damage    Failure   Level
 Scorch                   Fire           52%        2d8       98%         2
 Conjure Flame            Conj/Fire      23%        6-21      100%        3
 Inner Flame              Hex/Fire       15%        N/A       100%        3
 Flame Wave               Conj/Fire      23%        2d8       100%        4


Dungeon Overview and Level Annotations

Branches:
Dungeon (1/1)

Altars:
Ashenzari
Cheibriados
Dithmenos
Elyvilon
Fedhas
Gozag
Hepliaklqana
Kikubaaqudgha
Makhleb
Nemelex Xobeh
Okawaru
Qazlal
Ru
Sif Muna
Trog
Uskayaw
Vehumet
Wu Jian
Xom
Yredelemnul
Zin
The Shining One
Jiyva
Lugonu

Annotations:
D 1 transporter


Message History

GONNNNG!
You block the polar bear's attack.
BONNNG!
You block the polar bear's attack.
GONNNNG!
The white imp shouts, "Slither home, thou baffled hasty-witted reprobate!"
You block the white imp's attack.
GONNNNG!
The polar bear bites you but does no damage.
The polar bear claws you but does no damage.
The polar bear claws you.
You hit the polar bear but do no damage.
The polar bear is moderately wounded.
You block the polar bear's attack.
BOUMMMMG!
You block the polar bear's attack.
PANG!
The polar bear claws you but does no damage.
The white imp hits you but does no damage.
The polar bear bites you.
The polar bear claws you but does no damage. x2
You hit the polar bear.
The polar bears and the white imp shudder.
The polar bear is moderately wounded.
The white imp is heavily wounded.
The polar bear is moderately wounded. x2
You block the polar bear's attack.
PTOANNNG!
You block the polar bear's attack.
SHROANNG!
You block the polar bear's attack.
GONNNNG!
The white imp gestures at you.
The puff of frost hits you but does no damage.
The polar bear bites you!
* * * LOW HITPOINT WARNING * * *
The polar bear claws you but does no damage. x2
The polar bear bites you!
Ouch! That really hurt!
You die...

▓▓▓▓▓▓▓▓▓▓▓▓▓
▓.8©8.▓.8©8.▓
▓.[}=.▓.....▓
▓.....▓...|.▓
▓.....▓.....▓
▓.....▓.....▓
▓.5hh.▓..©..▓
▓..@..▓▓▓▓▓▓▓
▓▓▓▓▓▓▓


You could see 2 polar bears and a white imp.

Vanquished Creatures
  A phantom (D)
  An adder zombie (D)
2 creatures vanquished.

Notes
Turn   | Place    | Note
-------+----------+-------------------------------------------
     0 | D        | Groucho the Deep Elf Fire Elementalist began the quest for
                  | the Orb.
     0 | D        | Reached XP level 1. HP: 10/10 MP: 6/6
     5 | D        | Found a blossoming altar of Fedhas.
     6 | D        | Found an opulent altar of Gozag.
     6 | D        | Found a hazy altar of Hepliaklqana.
     6 | D        | Found a viscous altar of Jiyva.
     6 | D        | Found a transporter.
    10 | D        | Became a worshipper of Cheibriados the Contemplative
    12 | D        | Found an ancient bone altar of Kikubaaqudgha.
    13 | D        | Found the +6 Majin-Bo {vamp, MP+6 Int+6}
    13 | D        | Found the +9 heavy crossbow "Sniper" {vorpal, Acc+∞ SInv}
    13 | D        | Found the +10 dark maul {vorpal}
    13 | D        | Found the +15 Maxwell's patent armour {-Cast -Tele rElec
                  | Will+ rCorr}
    13 | D        | Found the +18 shield of the Gong {rElec rN+ Will+ EV-5}
    13 | D        | Found the +14 obsidian axe {vorpal, Mesm Drain Fly SInv}
    14 | D        | Found a corrupted altar of Lugonu.
    14 | D        | Found the +7 great mace "Firestarter" {inner flame, rF++}
    14 | D        | Found the +6 shillelagh "Devastator" {shatter}
    14 | D        | Found the +11 plutonium sword {Contam Stlth-}
    14 | D        | Found the +8 lance "Wyrmbane" {slay drac, rPois rF+ rC+
                  | AC+3}
    14 | D        | Found the +9 sword of Zonguldrok {reap}
    14 | D        | Found the +13 scythe of Curses {drain, Drain}
    14 | D        | Found the +5 sword of Power {vorpal}
    14 | D        | Found the +7 mace of Variability {chain chaos}
    14 | D        | Found the +7 Singing Sword {vorpal, sonic wave}
    14 | D        | Found the +8 storm bow {elec, penet}
    20 | D        | Found a shimmering blue altar of Sif Muna.
    20 | D        | Found a sacrificial altar of Ru.
    20 | D        | Found a bloodstained altar of Trog.
    20 | D        | Found a stormy altar of Qazlal.
    20 | D        | Found an iron altar of Okawaru.
    20 | D        | Found a sparkling altar of Nemelex Xobeh.
    22 | D        | Found a burning altar of Makhleb.
    81 | D        | Entered arena 2.
    81 | D        | Noticed a phantom
    81 | D        | Found a transporter.
    84 | D        | Reached skill level 1 in Invocations
    90 | D        | Killed a phantom
    91 | D        | Reached XP level 2. HP: 15/15 MP: 6/9
    91 | D        | Reached XP level 3. HP: 19/19 MP: 7/11
    91 | D        | Reached XP level 4. HP: 24/24 MP: 7/12
   129 | D        | Entered arena 3.
   129 | D        | Noticed a polar bear
   129 | D        | Noticed a polar bear
   129 | D        | Found a transporter.
   138 | D        | Mangled by a polar bear

Illustrated notes

Levels and vault maps discovered:
D:        sprint_v [room_start, room_1, room_2, room_3, room_4, room_5, room_6,
          room_7, room_8, room_9, room_10, room_11, room_12, room_13, room_14,
          room_15, room_16, room_17, room_18, room_19, room_20, room_21,
          room_22, room_23, room_24, room_25, room_26, room_27]

Skill      XL: |  1 |
---------------+----+-----
Invocations    | 4 |  4.3
Armour         | 2 |  2.0
Dodging        | 4 |  4.1
Shields        | 2 |  2.0
Spellcasting   | 4 |  4.8
Conjurations   | 3 |  3.3
Fire Magic     | 4 |  4.4
Stealth        | |  2.4

Action                   |  1- 3 |  4- 6 || total
-------------------------+-------+-------++-------
Melee: Shillelagh        |     8 |     6 ||    14
Armor: Plate armour      |     4 |    25 ||    29
Dodge: Dodged            |       |     1 ||     1
Block: Kite shield       |     6 |    24 ||    30
